 Dungeon Crawl Stone Soup version 0.22-a0-49-g614aadd (webtiles) character file.

35526 Maruxus the Fighter (level 13, -2/84 HPs)
             Began as a Gargoyle Fighter on Jan 8, 2018.
             Was the Champion of Okawaru.
             Slain by a black mamba (8 damage)
             ... on level 6 of the Lair of Beasts.
             The game lasted 00:44:10 (15010 turns).

Maruxus the Fighter (Gargoyle Fighter)             Turns: 15010, Time: 00:44:11

Health: -2/84      AC: 31    Str: 28    XL:     13   Next: 84%
Magic:  15/19      EV: 10    Int:  9    God:    Okawaru [******]
Gold:   1130       SH:  0    Dex:  9    Spells: 12/12 levels left

rFire    + . .     SeeInvis .   M - +4 great sword
rCold    . . .     Gourm    .   (shield currently unavailable)
rNeg     + . .     Faith    .   K - +0 plate armour
rPois    ∞         Spirit   .   g - +0 helmet
rElec    +         Reflect  .   A - +0 cloak
rCorr    +         Harm     .   O - +1 pair of gloves {Str+3}
MR       +....                  y - +0 pair of boots
Stlth    ..........             (no amulet)
HPRegen  0.24/turn              F - ring of protection from fire
MPRegen  0.16/turn              b - ring of Dishonesty {rCorr rPois MR+}

@: finesse, slowed, very slow
A: negative energy resistance 1, electricity resistance, unbreathing,
petrification resistance, rot immunity, AC +9
a: Heroism, Finesse, Renounce Religion


You were on level 6 of the Lair of Beasts.
You worshipped Okawaru.
Okawaru was exalted by your worship.
You were hungry.

You visited 2 branches of the dungeon, and saw 16 of its levels.
You also visited: Sewer.

You collected 1130 gold pieces.


Innate Abilities, Weirdness & Mutations

You are resistant to torment.
Your stone body is resilient. (AC +9)
You are immune to poison.
You resist negative energy. (rN+)
You are resistant to electric shocks. (rElec)
You can survive without breathing.
You are immune to petrification.
You are immune to rotting.


   Skills:
 + Level 11.3 Fighting
 - Level 4.5(8.4) Short Blades
 * Level 10.9(11.3) Long Blades
   Level 5.9 Maces & Flails
 + Level 11.3 Armour
 + Level 7.0 Dodging
   Level 6.7 Shields
 - Level 8.5 Invocations


You had 12 spell levels left.
You didn't know any spells.

Inventory:

Hand Weapons
 o - a +7 dagger of electrocution
 M - a +4 great sword (weapon)
Missiles
 D - 2 throwing nets {=f}
 L - 3 curare-tipped needles {=f}
Armour
 g - a +0 helmet (worn)
 y - a +0 pair of boots (worn)
 A - a +0 cloak (worn)
 K - a +0 plate armour (worn)
 O - a +1 pair of gloves of strength (worn)
Jewellery
 b - the ring of Dishonesty (right hand) {rCorr rPois MR+}
   (You acquired it on level 1 of the Lair of Beasts)

   [ring of resist corrosion]

   It protects you from poison.
   It affects your resistance to hostile enchantments.
 C - an uncursed ring of protection from cold
 F - a ring of protection from fire (left hand)
Wands
 h - a wand of paralysis (14)
 r - a wand of polymorph (14)
 x - a wand of clouds (7)
 B - a wand of random effects (27)
 I - a wand of disintegration (18)
 J - a wand of iceblast (21)
 N - a wand of flame (30)
 P - a wand of digging (14)
Scrolls
 a - 2 scrolls of amnesia
 j - 5 scrolls of teleportation {@r4}
 l - 9 scrolls of remove curse {@r2}
 t - 10 scrolls of identify {@r1}
 z - 5 scrolls of blinking
 G - 3 scrolls of enchant weapon
 H - a scroll of fear {unknown}
Potions
 d - a potion of might
 e - 4 potions of curing {@q1}
 i - 2 potions of haste {unknown}
 k - 2 potions of ambrosia
 m - 2 potions of lignification {unknown}
 n - a potion of mutation {unknown}
 p - 4 potions of flight {unknown}
 q - 2 potions of brilliance
 s - 2 potions of resistance
 u - 4 potions of cancellation
 v - 2 potions of invisibility {unknown}
 E - 3 potions of agility
Books
 w - a book of Necromancy

   Spells                             Type                      Level
   a - Pain                           Necromancy                   1
   b - Animate Skeleton               Necromancy                   1
   c - Vampiric Draining              Necromancy                   3
   d - Regeneration                   Charms/Necromancy            3
   e - Animate Dead                   Necromancy                   4
   f - Borgnjor's Vile Clutch         Necromancy/Earth             5
Comestibles
 f - 29 rations

Dungeon Overview and Level Annotations

Branches:
Dungeon (10/15)            Temple (0/1) D:6            Lair (6/6) D:8
 Shoals (0/4) Lair:3        Snake (0/4) Lair:3          Orc (0/2) D:10
  Slime: Lair:5-6

Altars:
Ashenzari
Dithmenos
Elyvilon
Fedhas
Kikubaaqudgha
Makhleb
Nemelex Xobeh
Okawaru
Qazlal
Sif Muna
Uskayaw
Vehumet
Wu Jian
Zin
The Shining One

Annotations:
D:8 Banano's ghost, novice MiFi

....### ▓.....##
▓....... ##▒▒##
▓...... ##....## ▓....
. ▒......# ▓▓..▓ .....
##..†...▒
▓..▓▓▓.....###..@...##
.........###....#S.##
...▓▓..###.††##.▒..▒
...▓.▒##....##[)▒..▒
..PP.#.....##..▒▒..▒
..PPP.....##... ...
..▓......#▒...▒ ...▒
...▓▓PP.##.... ....
.....▓.#▒


You could see a black mamba.


Message History

The redback barely misses you. The black mamba bites you.
* * * LOW HITPOINT WARNING * * *
Your plate armour prevents you from hitting the redback.
The redback is severely wounded.
The redback bites you but does no damage.
The black mamba bites you but does no damage.
You barely miss the redback.
The redback is severely wounded.
The redback bites you!
* * * LOW HITPOINT WARNING * * *
The black mamba closely misses you.
You feel better.
The black mamba bites you but does no damage.
The redback bites you but does no damage.
The black mamba bites you but does no damage.
The redback closely misses you.
The black mamba bites you but does no damage.
You slice the redback!!
You kill the redback!
Okawaru accepts your kill. The black mamba bites you!
* * * LOW HITPOINT WARNING * * *
You feel better. The black mamba bites you!
* * * LOW HITPOINT WARNING * * *
The black mamba bites you but does no damage. x2
You feel better.
You feel like a meek peon again.
The black mamba bites you but does no damage.
The black mamba bites you!
You die...

Skill      XL: |  1  2  3  4  5  6  7  8  9 10 11 12 13 |
---------------+----------------------------------------+-----
Maces & Flails | 3 4 5 |  5.9
Fighting       | 4 5 6 7 8 9 10 11 | 11.3
Armour         | 4 5 6 7 8 9 10 11 | 11.3
Shields        | 4 5 6 |  6.7
Short Blades   | 4 |  4.5
Invocations    | 3 4 6 8 |  8.5
Long Blades    | 3 5 7 9 10 | 10.9
Dodging        | 1 3 4 5 7 |  7.0

Action                   |  1- 3 |  4- 6 |  7- 9 | 10-12 | 13-15 || total
-------------------------+-------+-------+-------+-------+-------++-------
Melee: Flail             |   143 |       |       |       |       ||   143
       Dagger            |    28 |   178 |   294 |     8 |     9 ||   517
       Great sword       |       |       |    74 |   714 |   268 ||  1056
Invok: Heroism           |       |       |       |     7 |     4 ||    11
       Finesse           |       |       |       |     3 |     2 ||     5
  Use: Scroll            |       |     2 |     6 |    16 |       ||    24
       Potion            |       |       |     2 |     4 |     3 ||     9
  Eat: Chunk             |       |     7 |    11 |    22 |     8 ||    48
Armor: Scale mail        |    90 |    43 |       |       |       ||   133
       Chain mail        |       |    34 |   219 |       |       ||   253
       Plate armour      |       |       |     2 |   788 |   301 ||  1091
Dodge: Dodged            |    68 |    39 |   124 |   381 |   203 ||   815
Block: Shield            |    79 |    71 |   135 |       |       ||   285
       Rpst.: Great sword |       |       |    20 |   114 |    46 ||   180

Vault maps used:
D:1:      onia_arrival_mini_spirals
D:2:      marbit_many_paths, makhleb_altar_promises_db, grunt_decor_cap,
          uniq_natasha
D:3:      minmay_door_path, first_ration, nemelex_diamond_rough_becter
D:4:      tgw_sif, serial_co_window_serial, co_window_cross_1,
          co_window_corner_a, co_window_of_opportunity_a,
          co_window_of_opportunity_a, co_window_corner_a, co_window_corner_cb,
          co_window_broadway_a, co_window_broadway_b, co_window_cross_2,
          co_window_corner_ca, co_window_4corner_b, glass_columns_a,
          glass_columns_a, interstate_on_off
D:5:      okawaru_metal_pillars_3, kennysheep_little_box, uniq_eustachio,
          uniq_crazy_yiuf_cottage, uniq_grinder
D:6:      old_standard_altar, gammafunk_temple_overflow_pools,
          minmay_temple_entry_glass, gup_sewer_entry_bubbles,
          minmay_misc_feat_chi
D:7:      nicolae_tso_swordbearing_angel, lemuel_doored_altar,
          kiku_gazebo_garden_becter, basic_altar
D:8:      due_lair_maze_entry_diamond
D:9:      nicolae_overflow_hidden_temple, grunt_qazlal_clouds
D:10:     orc_0_dummy
Lair:1:   beast_lair_carwin_2, grunt_megastairs_4
Lair:2:   serial_bayou_pond_c, lemuel_fruit_tree
Lair:3:   minmay_shoals_entry_centaurs, minmay_snake_entry_guardpost_small,
          enter_volcano_2, st_stairs_9
Lair:4:   basic_altar, beast_lair_carwin_7, serial_bayou_shore_a
Lair:5:   cheibrodos_lair_caveside_slide, beast_lair_carwin_6
Lair:6:   hangedman_lair_tendril_chambers, hangedman_lair_caniforms_friends,
          slime_altar_2, hibernation_bobbens
Sewer:    sewer_the_crocodile

Notes
Turn   | Place    | Note
-------+----------+-------------------------------------------
     0 | D:1      | Maruxus the Gargoyle Fighter began the quest for the Orb.
     0 | D:1      | Reached XP level 1. HP: 14/14 MP: 1/1
    74 | D:1      | Reached XP level 2. HP: 18/19 MP: 2/2
   567 | D:1      | Reached XP level 3. HP: 22/23 MP: 3/3
   850 | D:2      | Reached skill level 3 in Maces & Flails
   890 | D:2      | Reached XP level 4. HP: 29/29 MP: 4/4
  1163 | D:2      | Noticed Natasha
  1173 | D:2      | Killed Natasha
  1173 | D:2      | Reached skill level 4 in Fighting
  1192 | D:2      | Found a burning altar of Makhleb.
  1194 | D:2      | Noticed a cacodemon
  1290 | D:2      | Noticed Natasha
  1296 | D:2      | Killed Natasha
  1296 | D:2      | Reached skill level 4 in Armour
  1296 | D:2      | Reached skill level 4 in Shields
  1296 | D:2      | Reached XP level 5. HP: 26/33 MP: 5/5
  1321 | D:2      | Found a hide-covered altar of Uskayaw.
  1414 | D:2      | Noticed Natasha
  1422 | D:2      | Killed Natasha
  1549 | D:3      | Found a sparkling altar of Nemelex Xobeh.
  1639 | D:3      | Reached skill level 4 in Maces & Flails
  1847 | D:3      | Reached XP level 6. HP: 36/39 MP: 6/6
  2738 | D:4      | Reached XP level 7. HP: 44/44 MP: 7/7
  2864 | D:4      | Reached skill level 5 in Maces & Flails
  2906 | D:4      | Reached skill level 5 in Fighting
  2958 | D:4      | Reached skill level 5 in Armour
  2961 | D:4      | Reached skill level 5 in Shields
  3257 | D:4      | Found a deep blue altar of Sif Muna.
  3352 | D:5      | Entered Level 5 of the Dungeon
  3352 | D:5      | Noticed Eustachio
  3697 | D:5      | Reached XP level 8. HP: 50/50 MP: 8/8
  4024 | D:5      | Killed Eustachio
  4024 | D:5      | Reached skill level 1 in Short Blades
  4080 | D:5      | Found an ornate altar of the Wu Jian Council.
  4110 | D:5      | Noticed Grinder
  4119 | D:5      | Paralysed by Grinder for 3 turns
  4125 | D:5      | Killed Grinder
  4125 | D:5      | Reached skill level 6 in Fighting
  4125 | D:5      | Reached skill level 2 in Short Blades
  4144 | D:5      | Found an iron altar of Okawaru.
  4160 | D:5      | Noticed Maruxus's ghost (novice GrFi)
  4165 | D:5      | Became a worshipper of Warmaster Okawaru
  4283 | D:5      | Found a runed door.
  4287 | D:5      | Noticed Crazy Yiuf
  4290 | D:5      | Killed Crazy Yiuf
  4290 | D:5      | Reached skill level 6 in Armour
  4395 | D:5      | Reached skill level 6 in Shields
  4401 | D:5      | Reached skill level 3 in Short Blades
  4496 | D:5      | Killed Maruxus's ghost
  4496 | D:5      | Reached * piety under Okawaru
  4496 | D:5      | Reached skill level 4 in Short Blades
  4496 | D:5      | Reached XP level 9. HP: 23/56 MP: 9/9
  4776 | D:6      | Found a staircase to the Ecumenical Temple.
  4858 | D:6      | Found a white marble altar of Elyvilon.
  4959 | D:6      | Reached skill level 1 in Invocations
  5127 | D:6      | Found a shattered altar of Ashenzari.
  5128 | D:6      | Found a blossoming altar of Fedhas.
  5251 | D:6      | Found a glowing drain.
  5261 | Sewer    | Entered a sewer
  5562 | D:7      | Found an ancient bone altar of Kikubaaqudgha.
  5580 | D:7      | Found a glowing silver altar of Zin.
  5607 | D:7      | Reached skill level 1 in Long Blades
  5608 | D:7      | Found a white marble altar of Elyvilon.
  5618 | D:7      | Reached ** piety under Okawaru
  5618 | D:7      | Reached skill level 2 in Invocations
  5851 | D:7      | Reached skill level 7 in Fighting
  5905 | D:7      | Reached skill level 7 in Armour
  6048 | D:7      | Found a glowing golden altar of the Shining One.
  6232 | D:8      | Noticed a two-headed ogre
  6251 | D:7      | HP: 3/57 [two-headed ogre/giant club (8)]
  6252 | D:7      | Killed a two-headed ogre
  6252 | D:7      | Reached *** piety under Okawaru
  6252 | D:7      | Reached skill level 3 in Long Blades
  6252 | D:7      | Reached skill level 1 in Dodging
  6252 | D:7      | Reached skill level 3 in Invocations
  6252 | D:7      | Reached XP level 10. HP: 4/63 MP: 10/12
  6681 | D:8      | Reached skill level 2 in Dodging
  6781 | D:8      | Reached skill level 4 in Long Blades
  6843 | D:8      | Reached **** piety under Okawaru
  6852 | D:8      | Found a staircase to the Lair.
  6904 | D:8      | Noticed Banano's ghost (novice MiFi)
  7062 | D:8      | Reached skill level 4 in Invocations
  7352 | D:9      | Found a stormy altar of Qazlal.
  7376 | D:9      | Noticed a two-headed ogre
  7388 | D:9      | Killed a two-headed ogre
  7388 | D:9      | Reached skill level 8 in Fighting
  7388 | D:9      | Reached skill level 5 in Long Blades
  7388 | D:9      | Reached skill level 8 in Armour
  7576 | D:9      | Reached skill level 3 in Dodging
  7848 | D:9      | Noticed a five-headed hydra
  7856 | D:9      | Noticed a two-headed ogre
  7859 | D:9      | Killed a five-headed hydra
  7859 | D:9      | Reached ***** piety under Okawaru
  7859 | D:9      | Reached XP level 11. HP: 59/69 MP: 14/14
  7872 | D:9      | Killed a two-headed ogre
  7872 | D:9      | Reached skill level 6 in Long Blades
  7872 | D:9      | Reached skill level 5 in Invocations
  8284 | D:9      | Found a radiant altar of Vehumet.
  8484 | D:10     | Entered Level 10 of the Dungeon
  8515 | D:10     | Found a staircase to the Orcish Mines.
  8701 | D:10     | Noticed a two-headed ogre
  8713 | D:10     | Killed a two-headed ogre
  8713 | D:10     | Reached skill level 4 in Dodging
  8951 | D:10     | Reached skill level 9 in Fighting
  9041 | Lair:1   | Entered Level 1 of the Lair of Beasts
  9046 | Lair:1   | Reached skill level 9 in Armour
  9060 | D:8      | Reached skill level 7 in Long Blades
  9065 | D:8      | Reached skill level 6 in Invocations
  9065 | D:8      | HP: 3/71 [yak (5)]
  9485 | Lair:1   | Received a gift from Okawaru
  9500 | Lair:1   | HP: 7/71 [blink frog (8)]
  9928 | Lair:1   | Reached XP level 12. HP: 65/76 MP: 16/16
 10287 | Lair:1   | Reached skill level 8 in Long Blades
 10350 | Lair:1   | Reached skill level 5 in Dodging
 10448 | Lair:1   | Identified a scroll of acquirement
 10449 | Lair:1   | Got a coiled silver ring
 10451 | Lair:1   | Identified the ring of Dishonesty {rCorr rPois MR+} (You acquired it on level 1 of the Lair of Beasts)
 10519 | Lair:2   | Reached skill level 7 in Invocations
 11350 | Lair:3   | Found a staircase to the Snake Pit.
 11362 | Lair:3   | Noticed sleepydude's ghost (journeyman MiBe)
 11599 | Lair:3   | Reached skill level 10 in Fighting
 11632 | Lair:3   | Noticed Truegreen's ghost (journeyman TrCK)
 11653 | Lair:3   | Killed Truegreen's ghost
 11653 | Lair:3   | Received a gift from Okawaru
 11653 | Lair:3   | Reached skill level 10 in Armour
 11657 | Lair:3   | Found a staircase to the Shoals.
 11658 | Lair:3   | Noticed shenanigans's ghost (journeyman BaSk)
 11685 | Lair:3   | Reached skill level 9 in Long Blades
 11711 | Lair:3   | Killed shenanigans's ghost
 12068 | Lair:3   | Killed sleepydude's ghost
 12068 | Lair:3   | Reached skill level 8 in Invocations
 12451 | Lair:4   | Found a shadowy altar of Dithmenos.
 12516 | Lair:4   | Reached XP level 13. HP: 54/83 MP: 19/19
 12602 | Lair:4   | Reached skill level 6 in Dodging
 13612 | Lair:5   | Reached skill level 10 in Long Blades
 13621 | Lair:5   | Received a gift from Okawaru
 14427 | Lair:6   | Entered Level 6 of the Lair of Beasts
 14487 | Lair:5   | Reached skill level 11 in Fighting
 14498 | Lair:5   | Reached skill level 11 in Armour
 14964 | Lair:6   | Reached ****** piety under Okawaru
 14977 | Lair:6   | Received a gift from Okawaru
 15004 | Lair:6   | Reached skill level 7 in Dodging
 15004 | Lair:6   | HP: 7/84 [black mamba (6)]
 15006 | Lair:6   | HP: 1/84 [redback (7)]
 15010 | Lair:6   | Slain by a black mamba

Vanquished Creatures
  The ghost of Truegreen the Grappler, a journeyman TrCK of Xom (Lair:3)
  The ghost of sleepydude the Fighter, a journeyman MiBe of Trog (Lair:3)
  The ghost of shenanigans the Fighter, a journeyman BaSk of Okawaru (Lair:3)
  2 hydras
  A death yak (Lair:4)
  4 two-headed ogres
  2 wolf spiders (Lair:6)
  8 elephants
  A guardian serpent (Lair:6)
  6 black mambas
  7 spiny frogs
  3 komodo dragons
  A rime drake (Lair:1)
  The ghost of Maruxus the Cudgeler, a novice GrFi of Okawaru (D:5)
  A troll (D:10)
  A polar bear (Lair:4)
  8 blink frogs (Lair:1)
  Grinder (D:5)
  7 dream sheep
  33 yaks
  9 wyverns
  Eustachio (D:5)
  A redback (Lair:6)
  A wraith (D:10)
  5 basilisks
  4 nagas (Lair:3)
  18 water moccasins
  8 porcupines
  A phantom (D:8)
  A hornet zombie (D:9)
  A sky beast (D:7)
  7 black bears
  5 ogres
  7 centaurs
  A wolf (Lair:6)
  8 crocodiles
  8 bullfrogs
  A big kobold (D:9)
  A gnoll sergeant (D:7)
  A wyvern zombie (D:6)
  5 scorpions
  4 killer bees (D:10)
  19 wights
  2 electric eels (Lair:4)
  3 howler monkeys
  A crimson imp (D:5)
  A bullfrog zombie (D:6)
  A quasit (D:7)
  2 jellies
  A centaur skeleton (D:5)
  A hound (D:5)
  6 orc wizards
  Crazy Yiuf (D:5)
  4 orc priests
  A bullfrog skeleton (D:7)
  Natasha (thrice) (D:2)
  4 iguanas
  5 worker ants
  A hound skeleton (D:10)
  2 worker ant zombies
  4 gnolls (D:7)
  9 adders
  2 shadow imps
  2 oozes
  3 adder skeletons
  2 adder zombies
  7 worms
  2 dart slugs
  6 leopard geckos
  28 orcs
  11 bats
  4 giant cockroaches
  10 goblins
  9 hobgoblins
  18 jackals
  4 quokkas
  A ball python (D:3)
  7 frilled lizards
  A jackal skeleton (D:5)
  18 kobolds
  A quokka zombie (D:5)
  8 rats
403 creatures vanquished.

Vanquished Creatures (others)
  15 fungi
  16 plants
31 creatures vanquished.

Grand Total: 434 creatures vanquished
